 Dungeon Crawl Stone Soup version 0.18-a0-1147-g8e8348b (webtiles) character file.

60 namelastname112 the Scratcher (level 3, 0/24 HPs)
             Began as a Felid Transmuter on Jan 23, 2016.
             Succumbed to miscasting Spider Form's residual poison
             ... on level 2 of the Dungeon.
             The game lasted 00:04:17 (1788 turns).

namelastname112 the Scratcher (Felid Transmuter)    Turns: 1788, Time: 00:04:18

Health: 0/24       AC: 21    Str:  6    XL:     3   Next: 82%
Magic:  5/7        EV:  4    Int: 15    God:
Gold:   92         SH:  0    Dex: 21    Spells: 3 memorised, 0 levels left
                                        Lives:  0   Deaths: 1

rFire  . . .     SeeInvis +       - Unarmed
rCold  . . .     Gourm    .     (armour unavailable)
rNeg   + + +     Faith    .     (shield unavailable)
rPois  +         Spirit   .     (helmet unavailable)
rElec  .         Dismiss  .     (cloak unavailable)
rCorr  .         Reflect  .     (gloves unavailable)
SustAt .         Harm     .     (boots unavailable)
MR     .....     NoTele   +     (no amulet)
Stlth  ++++......               (no ring)
                                k - ring of flight

@: agile, lethally poisoned (0 -> -9), tree-form, very slightly contaminated,
not resistant to hostile enchantments, stealthy
A: no armour, no weapons or thrown items, (claws 0), (fangs 0), see invisible,
carnivore 3, (speed 0), (shaggy fur 0), slow metabolism 1, (sharp paws)
a: no special abilities


You were on level 2 of the Dungeon.
You were not hungry.
You were a tree.
You visited 1 branch of the dungeon, and saw 2 of its levels.

You collected 92 gold pieces.

Inventory:

Missiles
 a - 30 arrows
Jewellery
 k - a ring of flight (left branch)
Wands
 i - a wand of slowing (17/48)
Scrolls
 e - a scroll of remove curse
 f - a scroll of fear {unknown}
 h - a scroll of enchant armour {unknown}
 l - 2 scrolls of identify {unknown}
 m - 3 scrolls of immolation {unknown}
Books
 b - a book of Changes

   Spells                             Type                      Level
   a - Beastly Appendage              Transmutation                1
   b - Sticks to Snakes               Transmutation                2
   c - Spider Form                    Transmutation/Poison         3
   d - Ice Form                       Ice/Transmutation            4
   e - Blade Hands                    Transmutation                5
Comestibles
 c - a meat ration


   Skills:
 + Level 1.7 Fighting
 + Level 3.2 Dodging
 + Level 1.9 Stealth
 * Level 4.1 Unarmed Combat
 - Level 2.3 Spellcasting
 - Level 3.0 Transmutations


You couldn't memorise any spells.
You knew the following spells:

 Your Spells              Type           Power        Failure   Level  Hunger
a - Beastly Appendage     Trmt           ##....       8%          1    #......
c - Spider Form           Trmt/Pois      #.........   34%         3    ###....
x - Sticks to Snakes      Trmt           ##......     12%         2    ###....


Dungeon Overview and Level Annotations

Branches:
Dungeon (2/15)

Altars:


Innate Abilities, Weirdness & Mutations

You cannot wear armour.
You are incapable of wielding weapons or throwing items.
((You have sharp claws.))
((You have razor-sharp teeth.))
You have supernaturally acute eyesight.
You are carnivorous and can eat meat at any time.
((You cover ground quickly.))
((You are covered in fur (AC +1).))
You have a slow metabolism.
((Your sharp claws are effective at attacking unaware monsters.))


Message History

* * * LOW HITPOINT WARNING * * *
You feel sick.
You hit the jackal but do no damage.
* * * LOW HITPOINT WARNING * * *
You feel sick. The jackal closely misses you.
A goblin comes into view.
You smack the jackal!
You kill the jackal!
* * * LOW HITPOINT WARNING * * *
You feel sick.
The hobgoblin throws a stone.
The stone hits you but does no damage.
You hit the giant cockroach.
You kill the giant cockroach!
The hobgoblin throws a stone.
The stone barely misses you.
* * * LOW HITPOINT WARNING * * *
You feel sick.
The hobgoblin throws a stone.
The stone hits you but does no damage.
* * * LOW HITPOINT WARNING * * *
You feel sick.
You die...

#### ## ##### #(.
###.#####...####.#
..........#....#♣#
###..##.#...##.#g#####
#..##.##.##........###
#.(##.##.##...g.†....#
#..##.##.##....###.#.#
#..##.##.###.... #
......##.##......
##.###.##. #.....#h #.
#.. .........


You could see a hobgoblin and a goblin.

Vanquished Creatures
  Terence (D:2)
  2 adders (D:2)
  4 gnolls (D:2)
  2 ball pythons (D:1)
  A giant cockroach (D:2)
  5 goblins
  A hobgoblin (D:1)
  7 jackals
  6 kobolds
  4 bats
  A giant newt (D:2)
  4 rats
38 creatures vanquished.

Vanquished Creatures (others)
  A giant gecko (D:2)
  A hobgoblin (D:2)
  A ball python (D:2)
  A giant newt (D:2)
4 creatures vanquished.

Grand Total: 42 creatures vanquished

Notes
Turn   | Place    | Note
--------------------------------------------------------------
     0 | D:1      | namelastname112 the Felid Transmuter began the quest for the Orb.
     0 | D:1      | Reached XP level 1. HP: 9/9 MP: 4/4
   357 | D:1      | Reached XP level 2. HP: 9/12 MP: 4/6
   372 | D:1      | Learned a level 2 spell: Sticks to Snakes
  1118 | D:2      | Reached XP level 3. HP: 10/15 MP: 4/7
  1319 | D:2      | Learned a level 3 spell: Spider Form
  1590 | D:2      | Reached XP level 4. HP: 12/19 MP: 2/8
  1605 | D:2      | Reached skill level 1 in Stealth
  1671 | D:2      | Reached skill level 4 in Unarmed Combat
  1701 | D:2      | Noticed Terence
  1712 | D:2      | Killed Terence
  1755 | D:2      | Succumbed to poison (a potion of poison)
  1756 | D:2      | Reached XP level 3. HP: 0/15 MP: 6/7
  1787 | D:2      | HP: 1/24 [poisoned by miscasting Spider Form (residual poison)]
  1788 | D:2      | Succumbed to miscasting Spider Form's residual poison

Vault maps used:
D:1:      noname_arrival_rooms_in_the_neighbourhood
D:2:      fiery_altar_vehumet, uniq_terence

Action                   |  1- 3 |  4- 6 || total
-------------------------+-------+-------++-------
Melee: Unarmed           |    85 |    12 ||    97
 Cast: Beastly Appendage |     5 |       ||     5
       Spider Form       |     3 |     4 ||     7
  Use: Potion            |     2 |     1 ||     3
       Scroll            |     2 |       ||     2
 Stab: Sleeping          |     3 |     1 ||     4
  Eat: Chunk             |     7 |       ||     7
